 Dungeon Crawl Stone Soup version 0.21.1-1-g345015fe64 (webtiles) character file.

1355 IceCat the Basher (level 8, -1/49 HPs)
             Began as a Gargoyle Berserker on July 27, 2018.
             Was a Priest of Trog.
             Hit by a large rock thrown by a cyclops (19 damage)
             ... on level 6 of the Dungeon.
             The game lasted 00:20:14 (4942 turns).

IceCat the Basher (Gargoyle Berserker)              Turns: 4942, Time: 00:20:15

Health: -1/49      AC: 18    Str: 24    XL:     8   Next: 63%
Magic:  0/10       EV:  8    Int:  7    God:    Trog [***...]
Gold:   271        SH:  5    Dex:  9    Spells: 7/7 levels left

rFire    . . .     SeeInvis .   a - +0 mace
rCold    . . .     Gourm    .   E - +1 buckler {reflect}
rNeg     + . .     Faith    .   j - +0 plate armour
rPois    ∞         Spirit   +   (no helmet)
rElec    +         Reflect  +   (no cloak)
rCorr    .         Harm     .   (no gloves)
MR       ++...     Rnd*Tele +   x - +0 pair of boots
Stlth    ..........             n - amulet of guardian spirit
HPRegen  1.16/turn              r - +1 ring of evasion
MPRegen  0.12/turn              u - ring of teleportation (curse)

@: regenerating
A: negative energy resistance 1, electricity resistance, unbreathing,
petrification resistance, rot immunity, AC +5
a: Berserk, Trog's Hand, Burn Spellbooks, Renounce Religion


You were on level 6 of the Dungeon.
You worshipped Trog.
Trog was most pleased with you.
You were hungry.

You visited 1 branch of the dungeon, and saw 6 of its levels.

You collected 271 gold pieces.

Inventory:

Hand Weapons
 a - a +0 mace (weapon)
 g - a +0 morningstar
Armour
 j - a +0 plate armour (worn)
 w - a +0 scale mail of magic resistance
 x - a +0 pair of boots (worn)
 E - a +1 buckler of reflection (worn)
Jewellery
 n - an amulet of guardian spirit (around neck)
 r - a +1 ring of evasion (left hand)
 u - a cursed ring of teleportation (right hand)
Wands
 A - a wand of paralysis (8)
 D - a wand of iceblast (9)
Scrolls
 b - 3 scrolls of immolation {unknown}
 d - 4 scrolls of teleportation
 h - 2 scrolls of fog {unknown}
 k - 2 scrolls of fear {unknown}
 l - 4 scrolls of random uselessness {unknown}
 p - 2 scrolls of enchant armour {unknown}
 t - 4 scrolls of amnesia {unknown}
 y - 2 scrolls of magic mapping {unknown}
 B - a scroll of blinking {unknown}
 H - a scroll of identify {unknown}
Potions
 e - 2 potions of magic {unknown}
 f - 2 potions of agility {unknown}
 i - a potion of degeneration {unknown}
 m - a potion of curing {unknown}
 o - 2 potions of heal wounds {unknown}
 q - a potion of resistance {unknown}
 s - 2 potions of invisibility {unknown}
 v - a potion of berserk rage {unknown}
 z - a potion of flight {unknown}
 C - a potion of haste {unknown}
 G - a potion of might {unknown}
 I - a potion of mutation {unknown}
Comestibles
 c - 10 rations
 F - 10 chunks of flesh


   Skills:
 + Level 5.1 Fighting
 * Level 8.2 Maces & Flails
 + Level 4.6 Armour
 + Level 2.0 Dodging
 + Level 2.2 Shields
 * Level 2.7 Evocations


You had 7 spell levels left.
You didn't know any spells.

Dungeon Overview and Level Annotations

Branches:
Dungeon (6/15)
 Temple: D:4-7

Altars:
Ashenzari
Qazlal


Innate Abilities, Weirdness & Mutations

You are resistant to torment.
Your stone body is resilient. (AC +5)
You are immune to poison.
You resist negative energy. (rN+)
You are resistant to electric shocks. (rElec)
You can survive without breathing.
You are immune to petrification.
You are immune to rotting.


Message History

You hit the killer bee.
The killer bee is severely wounded.
The killer bee closely misses you. You block the killer bee's attack.
Your plate armour prevents you from hitting the killer bee.
The killer bee is severely wounded.
The killer bee stings you. You block the killer bee's attack.
You closely miss the killer bee.
The killer bee is severely wounded.
You feel the effects of Trog's Hand fading.
The killer bee stings you.
The killer bee stings you but does no damage.
The killer bee barely misses you.
You closely miss the killer bee.
The killer bee is severely wounded.
The killer bee barely misses you. x2
You sock the killer bee!
You kill the killer bee!
Trog accepts your kill.
The cyclops throws a large rock.
The large rock hits you!!
You die...

###.C..#######...#
.##.... ..[.##...# ######
..#..## #.....)###....#
#...# ##............#
###. .....#...###....#
#### ######...###....#
.... #...##.....# ...#
######......#
##..#########.@†C..#....#
....>.........###########
#.......##### #.......#
..##>...#### ........###
..#####...# ########
###.#### #......# #....#
#......#


You could see a cyclops.

Vanquished Creatures
  A black bear (D:5)
  3 ogres
  A necrophage (D:6)
  A scorpion (D:5)
  A killer bee (D:6)
  A howler monkey (D:4)
  A centaur zombie (D:6)
  4 hounds
  2 orc priests
  A jelly (D:5)
  3 orc wizards
  3 iguanas
  Terence (D:3)
  Natasha (thrice) (D:3)
  4 worker ants
  2 hound skeletons
  5 adders
  A shadow imp (D:5)
  An ooze (D:1)
  An adder skeleton (D:5)
  A worm (D:4)
  6 dart slugs
  3 leopard geckos
  14 orcs
  3 bats
  2 giant cockroaches
  10 goblins
  5 hobgoblins
  12 jackals
  9 kobolds
  A quokka (D:5)
  3 ball pythons
  A ball python skeleton (D:4)
  6 frilled lizards
  A jackal zombie (D:5)
  A quokka zombie (D:6)
  8 rats
126 creatures vanquished.

Notes
Turn   | Place    | Note
-------+----------+-------------------------------------------
     0 | D:1      | IceCat the Gargoyle Berserker began the quest for the Orb.
     0 | D:1      | Reached XP level 1. HP: 14/14 MP: 1/1
   141 | D:1      | Reached XP level 2. HP: 13/19 MP: 2/2
   307 | D:1      | Reached XP level 3. HP: 14/24 MP: 3/3
   463 | D:1      | Reached ** piety under Trog
  1095 | D:2      | Reached skill level 4 in Maces & Flails
  1207 | D:2      | Reached XP level 4. HP: 29/29 MP: 2/4
  1626 | D:3      | Noticed Natasha
  1634 | D:3      | Killed Natasha
  1850 | D:3      | Noticed Natasha
  1866 | D:3      | Killed Natasha
  1901 | D:3      | Reached XP level 5. HP: 13/33 MP: 2/5
  1904 | D:3      | HP: 1/33 [orc priest/divine providence (9)]
  2087 | D:3      | Reached skill level 5 in Maces & Flails
  2190 | D:3      | Noticed Natasha
  2209 | D:3      | Killed Natasha
  2376 | D:3      | Noticed Terence
  2389 | D:3      | Killed Terence
  2861 | D:4      | Reached XP level 6. HP: 38/38 MP: 6/6
  2926 | D:4      | Reached *** piety under Trog
  3039 | D:4      | Reached skill level 6 in Maces & Flails
  3196 | D:4      | Reached XP level 7. HP: 44/44 MP: 5/7
  3414 | D:3      | Reached skill level 1 in Evocations
  3943 | D:5      | Entered Level 5 of the Dungeon
  4229 | D:5      | Reached skill level 7 in Maces & Flails
  4296 | D:5      | Reached skill level 1 in Shields
  4296 | D:5      | Reached XP level 8. HP: 48/48 MP: 9/9
  4539 | D:5      | Reached skill level 5 in Fighting
  4663 | D:5      | Found a shattered altar of Ashenzari.
  4664 | D:5      | Found a stormy altar of Qazlal.
  4889 | D:6      | Reached skill level 8 in Maces & Flails
  4900 | D:6      | Noticed a cyclops
  4942 | D:6      | Hit by a large rock thrown by a cyclops

Skill      XL: |  1  2  3  4  5  6  7  8 |
---------------+-------------------------+-----
Maces & Flails | 4 5 6 7 8 |  8.2
Fighting       | 4 5 |  5.1
Armour         | 3 4 |  4.6
Dodging        | 2 |  2.0
Evocations     | 2 |  2.7
Shields        | 1 2 |  2.2

Action                   |  1- 3 |  4- 6 |  7- 9 || total
-------------------------+-------+-------+-------++-------
Melee: Mace              |   162 |   218 |   229 ||   609
Invok: Trog's Hand       |       |     1 |     1 ||     2
       Berserk           |       |     1 |     2 ||     3
  Use: Scroll            |       |     1 |       ||     1
  Eat: Chunk             |     1 |     8 |     8 ||    17
Armor: Animal skin       |     9 |       |       ||     9
       Scale mail        |    35 |       |       ||    35
       Plate armour      |    76 |   155 |   210 ||   441
Dodge: Dodged            |    97 |    93 |   101 ||   291
Block: Buckler           |       |       |    47 ||    47
